 Dungeon Crawl Stone Soup version 0.24-a0-205-g1d96822 (webtiles) character file.

Game seed: 15151061680348078411

61259 Inarius the Severer (level 14, -9/110 HPs)
             Began as a Demonspawn Abyssal Knight on Mar 28, 2019.
             Was the Champion of Lugonu.
             Mangled by an orc warrior
             ... wielding a +0 glaive
              (19 damage)
             ... on level 2 of the Orcish Mines.
             The game lasted 00:58:01 (20116 turns).

Inarius the Severer (Demonspawn Abyssal Knight)    Turns: 20116, Time: 00:58:01

Health: -9/110     AC: 25    Str: 20    XL:     14   Next: 60%
Magic:  0/31       EV:  8    Int: 11    God:    Lugonu [******]
Gold:   1904       SH:  4    Dex: 10    Spells: 13/13 levels left

rFire    + + +     SeeInvis .   G - +5 broad axe (vamp)
rCold    . . .     Gourm    .   Z - +0 buckler of Inaction {+Inv rF+ rN+}
rNeg     + + .     Faith    .   U - +3 chain mail {MR+}
rPois    +         Spirit   +   D - +2 hat
rElec    .         Reflect  .   A - +0 cloak {rPois}
rCorr    +         Harm     .   H - +0 pair of gloves
MR       ++...                  P - +0 pair of boots
Stlth    ..........             o - amulet of guardian spirit
HPRegen  0.28/turn              n - ring of Dim Light {rCorr rPois MP+9 Int-2 Slay+5}
MPRegen  0.22/turn              f - ring of Maodwawo {rF+++ rN+ Str+3 Dex-2 Stlth+}

@: sanguine armour
A: antennae 2, clumsy 1, foul stench 1, spiny 1, rot immunity, sanguine armour 1
a: Depart the Abyss, Bend Space, Banish, Corrupt, Enter the Abyss, Brand Weapon
With Distortion, Renounce Religion, Evoke Invisibility


You were on level 2 of the Orcish Mines.
You worshipped Lugonu.
Lugonu was exalted by your worship.
You were not hungry.

You visited 3 branches of the dungeon, and saw 19 of its levels.
You visited the Abyss 1 time.
You also visited: Bailey.

You collected 2195 gold pieces.
You spent 291 gold pieces at shops.

Inventory:

Hand Weapons
 g - the +7 hand axe of Latacra {protect, rPois Str+4 Int+2}
   (You found it on level 8 of the Dungeon)

   It protects the one who uses it against injury (+AC on strike).
   It affects your strength (+4).
   It affects your intelligence (+2).
   It protects you from poison.
 G - a +5 vampiric broad axe (weapon)
 Q - a +0 broad axe of freezing
 R - a +2 spear of distortion
Missiles
 i - 12 javelins (quivered)
Armour
 h - a scarf of resistance
 l - a +0 troll leather armour
 A - a +0 cloak of poison resistance (worn)
 D - a +2 hat (worn)
 H - a +0 pair of gloves (worn)
 P - a +0 pair of boots (worn)
 U - a +3 chain mail of magic resistance (worn)
 Z - the +0 buckler of Inaction (worn) {+Inv rF+ rN+}
   (You found it on level 6 of the Lair of Beasts)

   It protects you from fire.
   It protects you from negative energy.
   It lets you turn invisible.
Jewellery
 f - the ring of Maodwawo (right hand) {rF+++ rN+ Str+3 Dex-2 Stlth+}
   (You took it off an orc warrior in a bailey)

   [ring of strength]

   It affects your strength (+3).
   It affects your dexterity (-2).
   It renders you almost immune to fire.
   It protects you from negative energy.
   It makes you more stealthy.
 n - the ring of Dim Light (left hand) {rCorr rPois MP+9 Int-2 Slay+5}
   (You acquired it on level 6 of the Lair of Beasts)

   [ring of resist corrosion]

   It affects your intelligence (-2).
   It affects your accuracy and damage with ranged weapons and melee attacks
   (+5).
   It protects you from poison.
   It affects your magic capacity (+9).
 o - an amulet of guardian spirit (around neck)
Wands
 j - a wand of flame (40)
 r - a wand of iceblast (6)
 B - a wand of digging (9)
 F - a wand of polymorph (19)
 J - a wand of random effects (12)
 T - a wand of disintegration (6)
Scrolls
 b - 3 scrolls of fear
 d - 12 scrolls of remove curse
 p - 2 scrolls of blinking
 v - 2 scrolls of magic mapping
 w - a scroll of enchant armour
 y - 3 scrolls of teleportation
 z - 3 scrolls of holy word {unknown}
 I - 3 scrolls of fog
 N - a scroll of summoning
 O - a scroll of vulnerability
 V - 2 scrolls of noise
Potions
 a - 11 potions of heal wounds
 e - 6 potions of might
 k - 5 potions of agility
 m - 6 potions of haste
 q - 3 potions of curing
 s - 2 potions of cancellation
 t - 5 potions of flight
 u - 6 potions of brilliance
 x - 3 potions of lignification
 C - 3 potions of magic {unknown}
 E - 4 potions of resistance {unknown}
 K - 2 potions of mutation {unknown}
 X - a potion of ambrosia
Miscellaneous
 L - a fan of gales
Comestibles
 c - 44 rations


   Skills:
 + Level 10.3 Fighting
 * Level 16.9 Axes
 + Level 7.1 Armour
 - Level 1.0 Dodging
 - Level 0.1 Stealth
 + Level 4.1 Shields
 + Level 11.4 Invocations
 * Level 7.8 Evocations


You had 13 spell levels left.
You didn't know any spells.
Your spell library contained the following spells:

 Spells                   Type           Power        Failure   Level  Hunger
 Magic Dart               Conj           #...         96%         1    ##.....
 Blink                    Tloc           N/A          99%         2    ###....
 Call Imp                 Summ           #.......     99%         2    ###....
 Slow                     Hex            #.......     99%         2    ###....
 Conjure Flame            Conj/Fire      #.......     100%        3    ####...
 Mephitic Cloud           Conj/Pois/Air  #.......     100%        3    ####...
 Cause Fear               Hex            #.........   100%        4    #####..
 Silence                  Hex/Air        #.........   100%        5    ######.
 Yara's Violent Unravell  Hex/Tmut       #.........   100%        5    ######.
 Deflect Missiles         Chrm/Air       #.........   100%        6    #######
 Discord                  Hex            #.........   100%        8    #######


Dungeon Overview and Level Annotations

Branches:
Dungeon (11/15)            Temple (0/1) D:4            Lair (6/6) D:9
 Shoals (0/4) Lair:4       Spider (0/4) Lair:4        Slime (0/5) Lair:6
    Orc (2/2) D:11
    Elf: Orc:2

Altars:
Elyvilon
Fedhas
Kikubaaqudgha
Nemelex Xobeh
Ru
Beogh
Jiyva

Shops:
D:8 [

Annotations:
Lair:5 exclusion: oklob plant


Innate Abilities, Weirdness & Mutations

You have a pair of antennae on your head.
You may emit foul miasma when damaged in melee.
You are partially covered in sharp spines.
You are immune to rotting.
When seriously injured, your bleeding wounds create armour. (AC +6)
You are clumsy. (Dex -2)


Message History

Unknown command.
You are too injured to fight recklessly!
Unknown command.
You barely miss the orc warrior.
The orc warrior is severely wounded.
The orc warrior hits you but does no damage.
The orc warrior hits you with a +0 hand axe!
Unknown command.
You hit the orc warrior.
The orc warrior is almost dead.
The orc warrior hits you from afar with a +0 glaive.
Your chain mail prevents you from hitting the orc warrior.
The orc warrior is almost dead.
The orc warrior hits you with a +0 hand axe!
* * * LOW HITPOINT WARNING * * *
The orc warrior looks sick.
The orc warrior hits you from afar with a +0 glaive!
* * * LOW HITPOINT WARNING * * *
The orc warrior hits you from afar with a +0 glaive!!
You die...

#... ##..##..##. {
#...##..........
#...#..........≈ { {
#............≈≈≈
#(..#......≈≈≈≈#
#########...#))...≈≈≈≈##
............))).))ooo...
.............)).@oooo...
...........(#)).☼)≈≈≈≈##
........((.(#......≈≈≈≈#
......(..(((.........≈≈≈
...#........#..........≈
....#...(...##..........
.............##..##..##.
....#.................
...................


You could see 6 orc warriors and an orc.

Vanquished Creatures
  An orc warlord (Orc:1)
  Azrael (Orc:2)
  Snorg (Lair:4)
  Erolcha (D:10)
  A great orb of eyes (Lair:2)
  4 catoblepae
  5 two-headed ogres
  11 death yaks
  2 wizards (D:10)
  6 orc knights
  A wolf spider (Lair:4)
  An ugly thing (D:11)
  An orc sorcerer (Orc:1)
  2 manticores (Lair:6)
  3 elephants (Lair:5)
  A black mamba (Lair:1)
  A gargoyle (D:10)
  2 merfolk sirens (Lair:4)
  14 spiny frogs
  4 komodo dragons
  4 rime drakes
  3 meliai (Lair:5)
  4 trolls
  A tyrant leech (Lair:4)
  A queen bee (Lair:5)
  4 dream sheep (Lair:6)
  7 blink frogs
  6 hippogriffs
  3 wraiths (Lair:5)
  A spriggan (D:7)
  3 wyverns
  A fire bat (D:9)
  5 fire elementals
  31 yaks
  5 basilisks
  2 hungry ghosts
  Menkaure (D:7)
  6 wargs
  11 water moccasins
  Duvessa (D:5)
  8 porcupines
  2 hell hounds (Orc:2)
  2 ice beasts
  3 phantoms
  36 orc warriors
  2 sky beasts (D:6)
  6 black bears
  12 wolves
  3 necrophages (D:11)
  12 ogres
  10 centaurs
  16 crocodiles
  11 bullfrogs
  3 big kobolds
  Dowan (D:5)
  5 scorpions
  32 killer bees (Lair:5)
  5 electric eels
  5 howler monkeys
  4 crimson imps
  3 centaur zombies (D:11)
  A quasit (D:11)
  A bullfrog zombie (D:7)
  Crazy Yiuf (D:5)
  A centaur skeleton (D:8)
  10 orc priests
  7 hounds
  2 jellies
  17 orc wizards
  Ijyb (D:5)
  9 worker ants
  3 iguanas
  7 hell rats
  A killer bee zombie (D:10)
  2 hound zombies
  A hound skeleton (D:9)
  A howler monkey zombie (D:11)
  2 worker ant zombies
  10 gnolls
  A howler monkey skeleton (D:5)
  13 adders
  3 shadow imps
  3 oozes
  2 adder zombies
  2 worms (D:2)
  13 leopard geckos
  103 orcs
  6 bats
  5 giant cockroaches
  27 goblins
  13 hobgoblins
  12 jackals
  4 quokkas
  2 frilled lizards (D:1)
  22 kobolds
  2 quokka skeletons (D:4)
  3 quokka zombies
  10 rats
  A bush (D:11)
  2 fungi
  A plant (D:11)
671 creatures vanquished.

Vanquished Creatures (others)
  An orc warlord (Bailey)
  A wizard (D:10)
  2 orcs (Orc:2)
  A fire vortex (Lair:4)
  6 fungi
  5 plants
  5 toadstools (D:9)
21 creatures vanquished.

Grand Total: 692 creatures vanquished

Notes
Turn   | Place    | Note
-------+----------+-------------------------------------------
     0 | Abyss:1  | Inarius the Demonspawn Abyssal Knight began the quest for
                  | the Orb.
     0 | Abyss:1  | Reached XP level 1. HP: 18/18 MP: 2/2
    11 | Abyss:1  | Found an ancient bone altar of Kikubaaqudgha.
    93 | Abyss:1  | Noticed a wretched star
   103 | Abyss:2  | Found a corrupted altar of Lugonu.
   168 | Abyss:2  | Noticed a small abomination
   169 | D:1      | Escaped the Abyss
   465 | D:1      | Gained mutation: You are immune to rotting. [demonic
                  | ancestry]
   465 | D:1      | Reached XP level 2. HP: 22/24 MP: 4/4
   615 | D:1      | Reached skill level 1 in Dodging
   659 | D:1      | Reached skill level 2 in Axes
  1158 | D:2      | Reached * piety under Lugonu
  1158 | D:2      | Reached XP level 3. HP: 25/29 MP: 5/5
  1889 | D:2      | Gained mutation: You are partially covered in sharp spines.
                  | [demonic ancestry]
  1889 | D:2      | Reached XP level 4. HP: 19/35 MP: 6/6
  2429 | D:3      | Reached skill level 3 in Axes
  2538 | D:3      | Gained mutation: You may emit foul miasma when damaged in
                  | melee. [demonic ancestry]
  2538 | D:3      | Reached XP level 5. HP: 40/41 MP: 7/7
  2612 | D:3      | Reached ** piety under Lugonu
  2969 | D:3      | Reached skill level 4 in Axes
  3023 | D:4      | Reached XP level 6. HP: 48/48 MP: 8/8
  3091 | D:4      | Found a staircase to the Ecumenical Temple.
  3671 | D:5      | Entered Level 5 of the Dungeon
  3705 | D:5      | Reached skill level 5 in Axes
  3795 | D:5      | Reached XP level 7. HP: 40/54 MP: 8/10
  3882 | D:5      | Noticed Dowan
  3883 | D:5      | Noticed Duvessa
  3898 | D:5      | Killed Duvessa
  3903 | D:5      | Killed Dowan
  3906 | D:5      | Reached skill level 6 in Axes
  4225 | D:5      | Reached *** piety under Lugonu
  4228 | D:5      | Noticed Ijyb
  4236 | D:5      | Killed Ijyb
  4466 | D:5      | Found a runed translucent door.
  4467 | D:5      | Noticed Crazy Yiuf
  4475 | D:5      | Killed Crazy Yiuf
  4543 | D:6      | Gained mutation: You have a pair of small antennae on your
                  | head. [demonic ancestry]
  4543 | D:6      | Reached XP level 8. HP: 48/61 MP: 11/11
  4546 | D:6      | Reached skill level 5 in Invocations
  4619 | D:6      | Reached skill level 7 in Axes
  4619 | D:6      | Reached skill level 1 in Evocations
  4771 | D:6      | Found a white marble altar of Elyvilon.
  4776 | D:6      | Found a sacrificial altar of Ru.
  4777 | D:6      | Found an ancient bone altar of Kikubaaqudgha.
  4880 | D:6      | Reached skill level 5 in Fighting
  4880 | D:6      | Reached skill level 8 in Axes
  5064 | D:6      | Reached XP level 9. HP: 50/68 MP: 8/13
  5674 | D:7      | Found a sparkling altar of Nemelex Xobeh.
  5798 | D:7      | Reached **** piety under Lugonu
  5927 | D:7      | Reached skill level 1 in Shields
  6071 | D:7      | Reached skill level 9 in Axes
  6200 | D:7      | Noticed Menkaure
  6205 | D:7      | Killed Menkaure
  6724 | D:8      | Found a flagged portal.
  6732 | D:8      | Got a crystal hand axe
  6733 | D:8      | Identified the +7 hand axe of Latacra {protect, rPois Str+4
                  | Int+2} (You found it on level 8 of the Dungeon)
  6736 | Bailey   | Entered a bailey
  6920 | Bailey   | Reached skill level 10 in Axes
  6982 | Bailey   | Reached ***** piety under Lugonu
  7018 | Bailey   | Gained mutation: You have a pair of antennae on your head.
                  | [demonic ancestry]
  7018 | Bailey   | Reached XP level 10. HP: 55/76 MP: 10/15
  7116 | Bailey   | Noticed an orc knight
  7116 | Bailey   | Noticed an orc warlord
  7116 | Bailey   | Noticed an orc knight
  7116 | Bailey   | Noticed an orc knight
  7166 | Bailey   | Killed an orc knight
  7178 | Bailey   | Killed an orc knight
  7328 | Bailey   | Killed an orc knight
  7491 | Bailey   | Identified the ring of Maodwawo {rF+++ rN+ Str+3 Dex-2
                  | Stlth+}
  7522 | Bailey   | Banished an orc warlord
  7522 | Bailey   | Reached skill level 11 in Axes
  7669 | D:8      | Found Fiapn's Armour Boutique.
  8057 | D:8      | Noticed a two-headed ogre
  8077 | D:8      | Killed a two-headed ogre
  8077 | D:8      | Reached skill level 5 in Evocations
  8077 | D:8      | Reached XP level 11. HP: 40/83 MP: 8/17
  8695 | D:9      | Found a staircase to the Lair.
  8796 | D:9      | Reached skill level 12 in Axes
  9351 | D:10     | Entered Level 10 of the Dungeon
  9391 | D:10     | Noticed a wizard
  9395 | D:10     | Noticed a wizard
  9412 | D:10     | Killed a wizard
  9415 | D:10     | Banished a wizard
  9585 | D:10     | Noticed a wizard
  9602 | D:10     | Killed a wizard
  9852 | D:10     | Noticed a two-headed ogre
  9870 | D:10     | Killed a two-headed ogre
 10002 | D:10     | Noticed Erolcha
 10011 | D:10     | Killed Erolcha
 10441 | D:11     | Noticed Harold
 10442 | D:11     | Noticed Harold
 10442 | D:11     | Harold changed into Harold the two-headed ogre
 10449 | D:11     | Killed Harold the two-headed ogre
 10449 | D:11     | Reached skill level 13 in Axes
 10549 | D:11     | Noticed a red ugly thing
 10568 | D:11     | Killed a red ugly thing
 10637 | D:11     | Found a staircase to the Orcish Mines.
 10645 | D:11     | Gained mutation: When seriously injured, your bleeding
                  | wounds create armour. (AC +6) [demonic ancestry]
 10645 | D:11     | Reached XP level 12. HP: 86/92 MP: 14/18
 10846 | D:11     | Found a blossoming altar of Fedhas.
 10972 | D:11     | Reached ****** piety under Lugonu
 11079 | Lair:1   | Entered Level 1 of the Lair of Beasts
 12408 | Lair:2   | Noticed a four-headed hydra
 12413 | Lair:2   | Noticed a great orb of eyes
 12413 | Lair:2   | a four-headed hydra changed into a great orb of eyes
 12429 | Lair:2   | Killed a great orb of eyes
 12429 | Lair:2   | Reached skill level 14 in Axes
 12429 | Lair:2   | Reached skill level 5 in Armour
 13978 | Lair:4   | Noticed an eight-headed hydra
 13980 | Lair:4   | an eight-headed hydra changed into a tyrant leech
 14065 | Lair:4   | Found a staircase to the Shoals.
 14125 | Lair:4   | Found a hole to the Spider Nest.
 14741 | D:8      | Bought a +3 chain mail of magic resistance for 291 gold
                  | pieces
 14987 | Lair:4   | Noticed Snorg
 15184 | Lair:4   | Killed Snorg
 15495 | Lair:5   | Reached XP level 13. HP: 97/99 MP: 15/20
 15513 | Lair:5   | Reached skill level 10 in Invocations
 15827 | Lair:5   | Reached skill level 15 in Axes
 16325 | Lair:5   | Noticed Josephine
 16327 | Lair:5   | Noticed Josephine
 16327 | Lair:5   | Josephine changed into Josephine the two-headed ogre
 16337 | Lair:5   | Killed Josephine the two-headed ogre
 16944 | Lair:6   | Entered Level 6 of the Lair of Beasts
 17497 | Lair:6   | Got a heavily runed buckler
 17532 | Lair:6   | Identified the cursed +0 buckler of Inaction {+Inv rF+ rN+}
                  | (You found it on level 6 of the Lair of Beasts)
 17640 | Lair:6   | Reached skill level 16 in Axes
 17750 | Lair:6   | Identified 3 scrolls of acquirement
 17774 | Lair:6   | Got a crude brass ring
 17776 | Lair:6   | Identified the ring of Dim Light {rCorr rPois MP+9 Int-2
                  | Slay+5} (You acquired it on level 6 of the Lair of Beasts)
 17876 | Lair:6   | Reached XP level 14. HP: 108/108 MP: 22/22
 18452 | Lair:6   | Found a viscous altar of Jiyva.
 18452 | Lair:6   | Found a staircase to the Slime Pits.
 18856 | Orc:1    | Entered Level 1 of the Orcish Mines
 18868 | Orc:1    | Noticed an orc warlord
 18886 | Orc:1    | Killed an orc warlord
 18886 | Orc:1    | Gained mutation: You are clumsy. (Dex -2) [a neqoxec]
 18886 | Orc:1    | Reached skill level 10 in Fighting
 19095 | Orc:1    | Found a roughly hewn altar of Beogh.
 19327 | Orc:1    | Noticed Sonja
 19328 | Orc:1    | Noticed Sonja
 19328 | Orc:1    | Sonja changed into Sonja the blink frog
 19371 | Orc:1    | Killed Sonja the blink frog
 19592 | Orc:2    | Entered Level 2 of the Orcish Mines
 19600 | Orc:2    | Noticed Azrael
 19620 | Orc:2    | Killed Azrael
 20116 | Orc:2    | Mangled by an orc warrior

Levels and vault maps discovered:
D:1:      dpeg_arrival_chambers_temple_mockup, layout_rooms,
          hangedman_abyss_or_decor_stabs
D:2:      layout_basic, nicolae_overflow_hidden_temple
D:3:      layout_rooms, nrook_campfire, kennysheep_crisscross
D:4:      layout_basic, minmay_temple_entry_arrows, minmay_box_of_dots
D:5:      layout_loops_ring, first_ration, uniq_ijyb, uniq_duvessa,
          uniq_crazy_yiuf_cottage
D:6:      layout_basic, grunt_temple_overflow_open, glass_columns_b
D:7:      layout_basic, overflow_temple_1_default, the_bakery, uniq_menkaure
D:8:      layout_loops_ring, enter_bailey_2, serial_shops, shop, minmay_orc_keep
D:9:      layout_roguey, minmay_lair_entry_grove, minmay_gold_behind_fungi,
          minmay_misc_feat_encased
D:10:     cheibrodos_wizards_tower, layout_loops_ring, uniq_erolcha
D:11:     layout_rooms, minmay_orc_entry_guard_dogs, skrybe_limestone_x,
          fedhas_altar_decomposition, uniq_harold
Lair:1:   layout_loops_ring, serial_bayou_shore_b
Lair:2:   layout_cave_pods, lemuel_fruit_tree
Lair:3:   layout_roguey, lemuel_fruit_fields, lemuel_fruit_fields
Lair:4:   layout_gridlike, elwin_shoals_entry_rooms,
          spider_nest_entry_funnel_web, uniq_snorg
Lair:5:   regret_index_bee_streams, layout_loops_ring, uniq_josephine
Lair:6:   evilmike_catoblepas_cave, layout_big_grid,
          dpeg_slime_entry_enclosed_altar, serial_bayou_shore_a
Orc:1:    layout_diamond_mine, basic_altar, uniq_sonja
Orc:2:    st_orc_rangers, layout_diamond_mine, hangedman_minor_magic, uniq_urug,
          uniq_azrael
Abyss:1:  evilmike_abyss_exit_mutagenic
Abyss:2:  minivault_25_ag
Bailey:   bailey_axe_minmay_hex_keep, bailey

Skill      XL: |  1  2  3  4  5  6  7  8  9 10 11 12 13 14 |
---------------+-------------------------------------------+-----
Armour         | 2 3 4 6 7 |  7.1
Dodging        | 1 |  1.0
Axes           | 2 3 4 5 6 8 10 11 13 14 16 | 16.9
Invocations    | 3 4 5 6 8 9 11 | 11.4
Fighting       | 4 5 6 7 8 9 10 | 10.3
Evocations     | 2 3 5 6 7 |  7.8
Shields        | 1 2 3 4 |  4.1
Stealth        | |  0.1

Action                   |  1- 3 |  4- 6 |  7- 9 | 10-12 | 13-15 || total
-------------------------+-------+-------+-------+-------+-------++-------
Melee: Hand axe          |   109 |    42 |    89 |   536 |       ||   776
       War axe           |       |    71 |   213 |       |       ||   284
       Broad axe         |       |       |       |   175 |   613 ||   788
Throw: Javelin           |     5 |    19 |    43 |    23 |       ||    90
Invok: Depart the Abyss  |     1 |       |       |       |       ||     1
       Banish            |       |       |       |     2 |       ||     2
 Abil: Evoke Invisibilit |       |       |       |       |     1 ||     1
Evoke: Wand              |       |       |     9 |    34 |    17 ||    60
  Use: Scroll            |       |    11 |     8 |    11 |    12 ||    42
       Potion            |       |     1 |     1 |       |     2 ||     4
 Stab: Distracted        |     1 |       |       |       |       ||     1
       Sleeping          |       |     4 |     7 |    19 |       ||    30
       Paralysed         |       |       |     3 |    13 |       ||    16
       Petrified         |       |       |       |       |     2 ||     2
       Petrifying        |       |       |       |       |     1 ||     1
       Invisible         |       |       |       |       |     4 ||     4
  Eat: Chunk             |     3 |     6 |    11 |    22 |    12 ||    54
       Ration            |       |       |       |     3 |     1 ||     4
Armor: Ring mail         |    45 |     5 |       |       |       ||    50
       Troll leather arm |       |    31 |    60 |    94 |       ||   185
       Chain mail        |       |       |       |    81 |   296 ||   377
Dodge: Dodged            |    53 |    63 |   119 |   201 |   184 ||   620
Block: Buckler           |       |       |    30 |    75 |   119 ||   224

Table legend:
 A = Non-vault XP
 B = Vault XP
 C = Vault XP percentage of total XP
 D = Non-vault monster count
 E = Vault monster count
 F = Vault count percentage of total count
                 A         B        C        D         E       F
            +---------+---------+-------+---------+---------+-------
      Total |   46988 |   40525 |  46.3 |     436 |     235 |  35.0
            +---------+---------+-------+---------+---------+-------
        D:1 |      26 |       0 |   0.0 |      16 |       0 |   0.0
        D:2 |      90 |       0 |   0.0 |      19 |       0 |   0.0
        D:3 |     262 |       0 |   0.0 |      36 |       0 |   0.0
        D:4 |     268 |       2 |   0.7 |      16 |       2 |  11.1
        D:5 |     336 |     304 |  47.5 |      20 |       4 |  16.7
        D:6 |    1689 |       0 |   0.0 |      29 |       0 |   0.0
        D:7 |    1398 |     374 |  21.1 |      34 |       2 |   5.6
        D:8 |    2205 |     392 |  15.1 |      31 |       9 |  22.5
        D:9 |    1287 |    1684 |  56.7 |      29 |      13 |  31.0
       D:10 |    2353 |    2884 |  55.1 |      24 |       4 |  14.3
       D:11 |    1144 |    2782 |  70.9 |      15 |      11 |  42.3
     Lair:1 |    3718 |       0 |   0.0 |      16 |       0 |   0.0
     Lair:2 |    3671 |       0 |   0.0 |      13 |       0 |   0.0
     Lair:3 |    1070 |       0 |   0.0 |       4 |       0 |   0.0
     Lair:4 |    2647 |    2648 |  50.0 |      21 |       4 |  16.0
     Lair:5 |    6654 |    9787 |  59.5 |      22 |      59 |  72.8
     Lair:6 |   10540 |   10213 |  49.2 |      36 |      23 |  39.0
      Orc:1 |    6201 |     274 |   4.2 |      44 |       1 |   2.2
      Orc:2 |    1429 |    5042 |  77.9 |      11 |      34 |  75.6
     Bailey |       0 |    4139 | 100.0 |       0 |      69 | 100.0
            +---------+---------+-------+---------+---------+-------
